General information
- name: BNet
- type: Ladder team game (AT/RT)
- host: Battle.net
- saver: ROTS19
map: GolemsInTheMist
- players: 8
- length: 25:36
- speed: Fast
- version: 1.26 W3XP
- replay type: Public
» download(187 KB)
Players
team 1 (winner)
hallooooo (
orange | 47 APM | 1203 actions | 25:35)
6 Mountain King
3 Storm Bolt
2 Bash
1 Avatar
» actions
| Build / train | 85 | |
| Enter build submenu | 16 | |
| Enter hero's abilities submenu | 6 | |
| Right click | 681 | |
| Select / deselect | 350 | |
| Use ability | 65 | |
1203 total
» units
| Peasant | 8 | |
| Rifleman | 30 | |
| Flying Machine | 21 | |
| Mortar Team | 3 | |
62 total
» upgrades
» buildings
| Farm | 8 | |
| Altar of Kings | 1 | |
| Blacksmith | 1 | |
| Barracks | 1 | |
| Scout Tower | 1 | |
| Arcane Tower | 1 | |
| Arcane Vault | 1 | |
| Keep | 1 | |
| Workshop | 1 | |
| Town Hall | 1 | |
17 total
» build order
00:04 Farm
00:09 Altar of Kings
00:42 Blacksmith
01:17 Barracks
01:31 Farm
01:59 Scout Tower
02:16 Farm
02:29 Arcane Tower
03:11 Farm
03:53 Arcane Vault
06:04 Keep
06:47 Farm
08:40 Workshop
09:11 Farm
14:23 Farm
18:27 Farm
18:38 Town Hall
» items
| Scroll of Regeneration | 4 | |
| Scroll of Town Portal | 3 | |
| Potion of Healing | 3 | |
| Potion of Mana | 1 | |
11 total
mocciouses (
green | 50 APM | 1288 actions | 25:35)
5 Death Knight
2 Death Coil
3 Unholy Aura
» actions
| Build / train | 62 | |
| Enter build submenu | 16 | |
| Enter hero's abilities submenu | 5 | |
| Remove unit from queue | 1 | |
| Right click | 916 | |
| Select / deselect | 252 | |
| Use ability | 36 | |
1288 total
» units
| Acolyte | 9 | |
| Crypt Fiend | 13 | |
| Ghoul | 3 | |
| Gargoyle | 19 | |
44 total
» upgrades
» buildings
| Ziggurat | 4 | |
| Altar of Darkness | 1 | |
| Graveyard | 1 | |
| Crypt | 3 | |
| Nerubian Tower | 1 | |
| Spirit Tower | 3 | |
| Halls of the Dead | 2 | |
| Arcane Tower | 1 | |
| Black Citadel | 1 | |
| Necropolis | 1 | |
18 total
» build order
00:10 Ziggurat
00:16 Altar of Darkness
00:26 Graveyard
01:18 Crypt
01:31 Ziggurat
03:06 Nerubian Tower
03:24 Spirit Tower
05:12 Ziggurat
06:09 Spirit Tower
07:30 Crypt
08:20 Halls of the Dead
11:09 Arcane Tower
16:59 Ziggurat
18:02 Black Citadel
19:44 Necropolis
21:32 Halls of the Dead
21:35 Spirit Tower
21:52 Crypt
» items
ROTS19 (
teal | 71 APM | 1817 actions | 25:36)
5 Lich
3 Frost Nova
2 Dark Ritual
5 Crypt Lord
3 Impale
2 Spiked Carapace
4 Death Knight
2 Death Coil
2 Unholy Aura
» actions
| Assign group hotkey | 45 | |
| Basic commands | 119 | |
| Build / train | 72 | |
| Enter build submenu | 25 | |
| Enter hero's abilities submenu | 14 | |
| Give item / drop item | 8 | |
| Right click | 623 | |
| Select / deselect | 409 | |
| Select group hotkey | 405 | |
| Use ability | 97 | |
1817 total
» units
| Acolyte | 14 | |
| Ghoul | 7 | |
| Goblin Zeppelin | 1 | |
| Frost Wyrm | 6 | |
28 total
» upgrades
| Creature Attack | 3 | |
| Freezing Breath | 1 | |
| Creature Carapace | 3 | |
7 total
» buildings
| Crypt | 1 | |
| Graveyard | 2 | |
| Altar of Darkness | 1 | |
| Ziggurat | 8 | |
| Tomb of Relics | 1 | |
| Nerubian Tower | 1 | |
| Halls of the Dead | 1 | |
| Spirit Tower | 2 | |
| Sacrificial Pit | 1 | |
| Black Citadel | 1 | |
| Boneyard | 3 | |
22 total
» build order
00:17 Crypt
00:20 Graveyard
00:38 Altar of Darkness
00:40 Ziggurat
00:58 Tomb of Relics
01:13 Ziggurat
01:51 Nerubian Tower
03:24 Graveyard
03:27 Halls of the Dead
04:17 Ziggurat
05:12 Spirit Tower
05:15 Ziggurat
06:17 Sacrificial Pit
07:52 Spirit Tower
08:23 Black Citadel
10:49 Boneyard
10:50 Boneyard
10:53 Boneyard
15:12 Ziggurat
15:12 Ziggurat
15:13 Ziggurat
15:14 Ziggurat
» items
| Rod of Necromancy | 1 | |
| Dust of Appearance | 1 | |
| Potion of Healing | 8 | |
| Scroll of Town Portal | 2 | |
| Orb of Corruption | 1 | |
| Potion of Mana | 2 | |
15 total
I)oubleI)ragon- (
yellow | 54 APM | 1372 actions | 25:36)
6 Paladin
2 Holy Light
3 Divine Shield
1 Resurrection
» actions
| Assign group hotkey | 43 | |
| Basic commands | 296 | |
| Build / train | 119 | |
| ESC pressed | 5 | |
| Enter build submenu | 16 | |
| Enter hero's abilities submenu | 6 | |
| Right click | 208 | |
| Select / deselect | 276 | |
| Select group hotkey | 343 | |
| Use ability | 60 | |
1372 total
» units
| Peasant | 9 | |
| Rifleman | 12 | |
| Flying Machine | 74 | |
95 total
» upgrades
| Gunpowder | 2 | |
| Long Rifles | 1 | |
| Plating | 2 | |
| Flak Cannons | 1 | |
| Flying Machine Bombs | 1 | |
7 total
» buildings
| Lumber Mill | 1 | |
| Farm | 10 | |
| Altar of Kings | 1 | |
| Scout Tower | 5 | |
| Blacksmith | 1 | |
| Barracks | 2 | |
| Arcane Tower | 2 | |
| Guard Tower | 1 | |
| Keep | 1 | |
| Arcane Vault | 1 | |
| Castle | 1 | |
| Workshop | 2 | |
28 total
» build order
00:22 Lumber Mill
01:07 Farm
01:08 Farm
01:14 Altar of Kings
01:27 Scout Tower
01:29 Scout Tower
01:50 Blacksmith
02:05 Barracks
02:10 Arcane Tower
02:25 Farm
02:26 Farm
02:40 Guard Tower
03:10 Barracks
05:13 Farm
05:13 Farm
06:10 Keep
08:40 Arcane Vault
08:48 Castle
09:26 Scout Tower
09:39 Farm
09:39 Farm
09:40 Farm
09:50 Workshop
09:51 Workshop
10:31 Arcane Tower
10:44 Farm
25:25 Scout Tower
25:28 Scout Tower
» items
| Scroll of Regeneration | 2 | |
| Scroll of Town Portal | 2 | |
| Lesser Clarity Potion | 1 | |
5 total
team 2 (loser)
TurboArno (
red | 68 APM | 1704 actions | 25:12)
5 Blademaster
2 Wind Walk
3 Critical Strike
4 Tauren Chieftain
2 War Stomp
2 Endurance Aura
3 Shadow Hunter
1 Hex
2 Healing Wave
» actions
| Basic commands | 1 | |
| Build / train | 81 | |
| Enter build submenu | 11 | |
| Enter hero's abilities submenu | 12 | |
| Give item / drop item | 3 | |
| Remove unit from queue | 1 | |
| Right click | 1008 | |
| Select / deselect | 460 | |
| Use ability | 127 | |
1704 total
» units
| Peon | 7 | |
| Grunt | 6 | |
| Raider | 3 | |
| Wind Rider | 3 | |
| Kodo Beast | 1 | |
| Troll Headhunter/Berserker | 14 | |
| Troll Batrider | 4 | |
38 total
» upgrades
| Berserker Strength | 1 | |
| Ensnare | 1 | |
| Troll Regeneration | 1 | |
| Envenomed Spears | 1 | |
| War Drums Damage Increase | 1 | |
| Berserker Upgrade | 1 | |
| Ranged Weapons | 1 | |
7 total
» buildings
| Altar of Storms | 1 | |
| Orc Burrow | 6 | |
| Barracks | 1 | |
| Voodoo Lounge | 1 | |
| Stronghold | 1 | |
| War Mill | 1 | |
| Beastiary | 2 | |
| Fortress | 1 | |
14 total
» build order
00:09 Altar of Storms
00:14 Orc Burrow
00:37 Barracks
01:38 Orc Burrow
02:09 Voodoo Lounge
03:25 Stronghold
03:40 Orc Burrow
04:27 War Mill
05:10 Orc Burrow
05:55 Beastiary
06:17 Beastiary
07:07 Fortress
10:53 Orc Burrow
10:54 Orc Burrow
» items
| Healing Salve | 5 | |
| Lesser Clarity Potion | 7 | |
| Scroll of Town Portal | 2 | |
| Scroll of Speed | 2 | |
| Potion of Healing | 1 | |
| Orb of Lightning | 1 | |
18 total

»
imr_1 (
blue | 42 APM | 1072 actions | 25:15)
6 Blademaster
1 Wind Walk
3 Critical Strike
1 Mirror Image
1 Bladestorm
» actions
| Assign group hotkey | 30 | |
| Basic commands | 102 | |
| Build / train | 83 | |
| ESC pressed | 1 | |
| Enter build submenu | 26 | |
| Enter hero's abilities submenu | 7 | |
| Remove unit from queue | 3 | |
| Right click | 210 | |
| Select / deselect | 322 | |
| Select group hotkey | 216 | |
| Use ability | 72 | |
1072 total
» units
| Peon | 20 | |
| Grunt | 6 | |
| Tauren | 9 | |
| Shaman | 9 | |
| Goblin Zeppelin | 1 | |
| Troll Headhunter/Berserker | 6 | |
51 total
» upgrades
| Spiked Barricades | 2 | |
| Berserker Strength | 1 | |
| Shaman Training | 2 | |
| Pulverize | 1 | |
| Reinforced Defenses | 1 | |
| Troll Regeneration | 1 | |
| Berserker Upgrade | 1 | |
9 total
» buildings
| Altar of Storms | 1 | |
| Orc Burrow | 9 | |
| Barracks | 1 | |
| Voodoo Lounge | 2 | |
| War Mill | 1 | |
| Stronghold | 1 | |
| Fortress | 1 | |
| Spirit Lodge | 1 | |
| Tauren Totem | 2 | |
| Great Hall | 1 | |
| Watch Tower | 11 | |
31 total
» build order
00:10 Altar of Storms
00:14 Orc Burrow
00:33 Barracks
01:33 Voodoo Lounge
01:59 Orc Burrow
02:30 War Mill
04:15 Stronghold
05:00 Orc Burrow
06:15 Orc Burrow
06:40 Fortress
06:44 Spirit Lodge
08:40 Voodoo Lounge
09:10 Tauren Totem
09:12 Tauren Totem
09:53 Orc Burrow
10:39 Orc Burrow
12:11 Orc Burrow
13:03 Great Hall
13:12 Orc Burrow
16:11 Watch Tower
16:12 Watch Tower
16:17 Watch Tower
17:29 Watch Tower
17:29 Watch Tower
18:38 Watch Tower
18:56 Orc Burrow
19:41 Watch Tower
19:42 Watch Tower
19:43 Watch Tower
19:43 Watch Tower
20:18 Watch Tower
» items
| Scroll of Speed | 1 | |
| Lesser Clarity Potion | 2 | |
| Healing Salve | 1 | |
| Potion of Healing | 3 | |
| Orb of Lightning | 1 | |
| Scroll of Town Portal | 2 | |
| Staff of Preservation | 1 | |
11 total
maltaking (
pink | 44 APM | 1128 actions | 25:35)
5 Shadow Hunter
2 Hex
3 Healing Wave
3 Blademaster
1 Critical Strike
2 Mirror Image
» actions
| Assign group hotkey | 37 | |
| Basic commands | 81 | |
| Build / train | 87 | |
| ESC pressed | 2 | |
| Enter build submenu | 31 | |
| Enter hero's abilities submenu | 7 | |
| Give item / drop item | 1 | |
| Remove unit from queue | 1 | |
| Right click | 336 | |
| Select / deselect | 387 | |
| Select group hotkey | 36 | |
| Use ability | 122 | |
1128 total
» units
| Peon | 20 | |
| Shaman | 2 | |
| Troll Witch Doctor | 6 | |
| Troll Batrider | 29 | |
57 total
» upgrades
| Spiked Barricades | 2 | |
| Shaman Training | 2 | |
| Witch Doctor Training | 2 | |
| Reinforced Defenses | 1 | |
| Liquid Fire | 1 | |
8 total
» buildings
| Altar of Storms | 2 | |
| Orc Burrow | 9 | |
| Voodoo Lounge | 2 | |
| War Mill | 1 | |
| Watch Tower | 7 | |
| Stronghold | 1 | |
| Fortress | 1 | |
| Spirit Lodge | 2 | |
| Barracks | 1 | |
| Great Hall | 3 | |
| Beastiary | 2 | |
31 total
» build order
00:10 Altar of Storms
00:12 Altar of Storms
00:22 Orc Burrow
00:35 Voodoo Lounge
01:42 War Mill
02:35 Orc Burrow
02:55 Watch Tower
03:31 Stronghold
04:07 Orc Burrow
04:08 Orc Burrow
07:02 Watch Tower
08:35 Orc Burrow
08:38 Orc Burrow
08:40 Orc Burrow
08:43 Fortress
08:46 Orc Burrow
09:16 Spirit Lodge
09:18 Spirit Lodge
09:57 Watch Tower
10:00 Watch Tower
10:27 Orc Burrow
12:12 Barracks
12:54 Great Hall
13:54 Watch Tower
13:58 Watch Tower
14:00 Watch Tower
15:43 Voodoo Lounge
17:14 Beastiary
17:17 Beastiary
17:46 Great Hall
21:17 Great Hall
» items
| Scroll of Speed | 1 | |
| Healing Salve | 3 | |
| Lesser Clarity Potion | 2 | |
| Potion of Healing | 2 | |
| Scroll of Town Portal | 1 | |
9 total
FCSM (
purple | 33 APM | 842 actions | 25:20)
5 Demon Hunter
3 Mana Burn
2 Evasion
» actions
| Assign group hotkey | 16 | |
| Basic commands | 11 | |
| Build / train | 74 | |
| ESC pressed | 9 | |
| Enter build submenu | 17 | |
| Enter hero's abilities submenu | 5 | |
| Give item / drop item | 1 | |
| Right click | 271 | |
| Select / deselect | 326 | |
| Select group hotkey | 67 | |
| Use ability | 45 | |
842 total
» units
| Wisp | 17 | |
| Chimaera | 18 | |
| Hippogryph | 14 | |
49 total
» upgrades
» buildings
| Altar of Elders | 1 | |
| Moon Well | 7 | |
| Ancient of Wonders | 1 | |
| Tree of Ages | 2 | |
| Hunter's Hall | 1 | |
| Tree of Eternity | 3 | |
| Ancient of Wind | 1 | |
| Chimaera Roost | 3 | |
| Tree of Life | 1 | |
20 total
» build order
00:02 Altar of Elders
00:05 Moon Well
00:15 Moon Well
01:52 Moon Well
01:57 Ancient of Wonders
02:31 Tree of Ages
02:50 Moon Well
03:55 Hunter's Hall
05:01 Tree of Eternity
05:01 Tree of Eternity
05:02 Tree of Eternity
05:04 Ancient of Wind
07:32 Chimaera Roost
07:33 Chimaera Roost
07:35 Chimaera Roost
07:57 Moon Well
08:00 Moon Well
09:24 Moon Well
20:07 Tree of Life
» items
| Orb of Venom | 1 | |
| Scroll of Town Portal | 5 | |
| Orb of Lightning | 1 | |
7 total
Chat log
(00:12 / Allies) hallooooo: hi
(00:15 / Allies) hallooooo: 2on2 play
(00:19 / Allies) hallooooo: yellow mk
(00:20 / Allies) hallooooo: and go
(00:21 / Allies) hallooooo: ok
(00:31 / Allies) hallooooo: ok?
(00:38 / Allies) I)oubleI)ragon-: i play thx
(00:41 / Allies) I)oubleI)ragon-: no need help
(00:46 / Allies) hallooooo: go
(00:49 / Allies) hallooooo: attack 2on2
(03:36 / Allies) ROTS19: troubble
(03:53 / Allies) ROTS19: this is bad
(04:31 / Allies) I)oubleI)ragon-: need help
(04:37 / Allies) I)oubleI)ragon-: upgrade towers
(04:39 / Allies) ROTS19: few minutes ago would have been good
(04:47 / All) hallooooo: nice 2 noobs ud
(04:57 / Allies) ROTS19: you only noticed this now?
(08:24 / Allies) I)oubleI)ragon-: out
(08:53 / Allies) hallooooo: rego
(09:00 / Allies) hallooooo: go
(09:01 / Allies) hallooooo: all
(09:05 / Allies) ROTS19: all?
(09:09 / Allies) hallooooo: all
(09:10 / Allies) ROTS19: what if they hit top
(09:22 / Allies) ROTS19: Slay them!
(10:02 / Allies) hallooooo: nice camop
(10:08 / Allies) I)oubleI)ragon-: stfu
(10:19 / All) hallooooo: full noob team
(10:29 / Allies) ROTS19: well we did kill some heroes
(10:30 / Allies) ROTS19: so that's good
(12:34 / Allies) ROTS19: on... my way?
(13:18 / Allies) hallooooo: go
(13:18 / Allies) hallooooo: go
(13:20 / Allies) ROTS19: k
(13:38 / Allies) I)oubleI)ragon-: nothing melee
(13:40 / Allies) I)oubleI)ragon-: we dead
(13:57 / Allies) ROTS19: yeah
(14:04 / Allies) ROTS19: if only we could have units to feed their chims
(14:59 / Allies) ROTS19: woooh
(15:00 / Allies) hallooooo: tauren
(15:58 / Allies) ROTS19: making wyrms
(16:26 / Allies) ROTS19: "no melee... we're dead"
(16:31 / Allies) ROTS19: *queues up seven rifles*
(16:38 / Allies) ROTS19: *out of one barracks*
(16:45 / Allies) ROTS19: *while calling his teammates noobs
(17:44 / Allies) I)oubleI)ragon-: gogogogog
(19:34 / Allies) hallooooo: rapier
(20:04 / Allies) I)oubleI)ragon-: go all
(20:06 / Allies) hallooooo: garg
(20:13 / Allies) I)oubleI)ragon-: move
(20:21 / Allies) I)oubleI)ragon-: gargs
(21:01 / Allies) I)oubleI)ragon-: out
(21:09 / Allies) I)oubleI)ragon-: omfg
(21:14 / Allies) I)oubleI)ragon-: u no have tp noob?
(22:03 / Allies) ROTS19: help green
(24:45 / Allies) hallooooo: dh
(24:47 / Allies) hallooooo: dh